 Dungeon Crawl Stone Soup version 0.23.0 (webtiles) character file.

Game seed: 13545512183314708508

406 grindst0ne the Firebug (level 6, 0/32 HPs)
             Began as a Deep Elf Fire Elementalist on Feb 9, 2019.
             Was a Follower of Cheibriados.
             Slain by a gnoll
             ... wielding a +0 halberd
              (6 damage)
             ... on level 4 of the Dungeon.
             The game lasted 00:12:14 (3222 turns).

grindst0ne the Firebug (Deep Elf Fire Elementalist) Turns: 3222, Time: 00:12:15

Health: 0/32       AC:  4    Str:  9    XL:     6   Next: 56%
Magic:  7/12       EV: 15    Int: 24    God:    Cheibriados [*.....]
Gold:   205        SH:  0    Dex: 17    Spells: 3/11 levels left

rFire    . . .     SeeInvis .   h - +1 dagger (venom)
rCold    . . .     Gourm    .   (no shield)
rNeg     . . .     Faith    .   a - +0 robe
rPois    .         Spirit   .   (no helmet)
rElec    .         Reflect  .   l - +0 cloak
rCorr    .         Harm     .   u - +0 pair of gloves
MR       .....                  (no boots)
Stlth    ++........             (no amulet)
HPRegen  0.10/turn              e - +2 ring of strength
MPRegen  0.13/turn              s - ring of wizardry

@: very slow
A: no striking features
a: Bend Time, Renounce Religion


You were on level 4 of the Dungeon.
You worshipped Cheibriados.
Cheibriados was aware of your devotion.
You were not hungry.

You visited 1 branch of the dungeon, and saw 4 of its levels.

You collected 205 gold pieces.

Inventory:

Hand Weapons
 h - a +1 dagger of venom (weapon)
Missiles
 q - 6 tomahawks (quivered)
Armour
 a - a +0 robe (worn)
 l - a +0 cloak (worn)
 u - a +0 pair of gloves (worn)
Jewellery
 e - a +2 ring of strength (left hand)
 s - a ring of wizardry (right hand)
Scrolls
 d - a scroll of immolation
 g - a scroll of teleportation {unknown}
 i - a scroll of magic mapping {unknown}
 m - a scroll of random uselessness {unknown}
 n - 2 scrolls of fear
 o - a scroll of enchant weapon
 t - a scroll of amnesia {unknown}
Potions
 b - a potion of magic {unknown}
 f - a potion of mutation
 j - 2 potions of curing
 p - a potion of flight {unknown}
 r - a potion of lignification {unknown}
Comestibles
 c - 4 rations


   Skills:
 + Level 5.3 Dodging
 - Level 2.4 Stealth
 - Level 3.0 Spellcasting
 + Level 4.3 Conjurations
 + Level 5.4 Fire Magic


You had 3 spell levels left.
You knew the following spells:

 Your Spells              Type           Power        Failure   Level  Hunger
a - Flame Tongue          Conj/Fire      ####.        1%          1    None
b - Conjure Flame         Conj/Fire      ####....     1%          3    ###....
c - Sticky Flame          Conj/Fire      ####....     6%          4    ####...

Your spell library contained the following spells:

 Spells                   Type           Power        Failure   Level  Hunger
 Throw Flame              Conj/Fire      ####..       1%          2    ##.....
 Inner Flame              Hex/Fire       ###.....     4%          3    ###....
 Fireball                 Conj/Fire      ####......   16%         5    ######.


Dungeon Overview and Level Annotations

Branches:
Dungeon (4/15)             Temple (0/1) D:4

Altars:
Ashenzari
Cheibriados
Fedhas
Hepliaklqana
Qazlal
Wu Jian
The Shining One


Message History

Cheibriados thoroughly appreciates the change of pace.
The gnoll hits you from afar with a +0 halberd!
Casting: Flame Tongue (safe; 1% risk of failure)
Confirm with . or Enter, or press ? or * to list all spells.
Aiming: Flame Tongue (safe; 1% risk of failure)
Press: ? - help, Shift-Dir - straight line, f - gnoll
Aim: a gnoll, wielding a +0 halberd The flame tongue hits the gnoll.
The gnoll is lightly wounded.
The gnoll hits you from afar with a +0 halberd!
* * * LOW HITPOINT WARNING * * *
Casting: Flame Tongue (safe; 1% risk of failure)
Confirm with . or Enter, or press ? or * to list all spells.
Aiming: Flame Tongue (safe; 1% risk of failure)
Press: ? - help, Shift-Dir - straight line, f/p - gnoll
Aim: a gnoll, wielding a +0 halberd (lightly wounded)
The flame tongue hits the gnoll.
The gnoll is moderately wounded.
The gnoll hits you from afar with a +0 halberd.
You die...

. ...#..#⌠.##+.#.⌠
[. ##... #.........
#.###.#####........
#.#...#...#.......#
.##.......
.+..._...'
......#.#
.#.......# .
#....###.#.......#
..
#.......#.........
.>.
#@......#⌠.##+##.⌠
(...
#.)##...####....##
.....
#g.###.....#...#..
......###..#
####..#...#..
..g..gg....#
#..#####.#
..=........#
#........#
.....≈.≈...#
##########
....≈≈≈....#
....≈_.≈...#


You could see a gnoll.

Vanquished Creatures
  Sigmund (D:3)
  A phantom (D:4)
  A scorpion (D:4)
  2 adders (D:3)
  2 gnolls (D:4)
  2 worms
  3 dart slugs
  2 leopard geckos
  3 orcs (D:3)
  6 giant cockroaches
  5 goblins
  9 hobgoblins
  2 jackals (D:2)
  A quokka (D:4)
  A ball python (D:2)
  5 bats
  3 frilled lizards
  5 kobolds
  9 rats
63 creatures vanquished.

Notes
Turn   | Place    | Note
-------+----------+-------------------------------------------
     0 | D:1      | grindst0ne the Deep Elf Fire Elementalist began the quest
                  | for the Orb.
     0 | D:1      | Reached XP level 1. HP: 10/10 MP: 6/6
   454 | D:1      | Reached XP level 2. HP: 15/15 MP: 6/8
   850 | D:1      | Found a glowing golden altar of the Shining One.
  1025 | D:2      | Reached XP level 3. HP: 19/19 MP: 6/9
  1143 | D:2      | Found a stormy altar of Qazlal.
  1143 | D:2      | Found an ornate altar of the Wu Jian Council.
  1339 | D:2      | Learned a level 3 spell: Conjure Flame
  1423 | D:2      | Found a hazy altar of Hepliaklqana.
  1691 | D:2      | Found a snail-covered altar of Cheibriados.
  1709 | D:2      | Became a worshipper of Cheibriados the Contemplative
  2309 | D:3      | Reached XP level 4. HP: 24/24 MP: 2/10
  2521 | D:3      | Noticed Sigmund
  2529 | D:3      | Learned a level 4 spell: Sticky Flame
  2534 | D:3      | Killed Sigmund
  2534 | D:3      | Reached XP level 5. HP: 23/28 MP: 3/11
  2592 | D:3      | Reached * piety under Cheibriados
  2592 | D:3      | Reached skill level 5 in Fire Magic
  2896 | D:4      | Found a staircase to the Ecumenical Temple.
  2930 | D:4      | Reached XP level 6. HP: 30/32 MP: 4/12
  2994 | D:4      | Found a shattered altar of Ashenzari.
  3015 | D:4      | Reached skill level 5 in Dodging
  3048 | D:4      | Found a blossoming altar of Fedhas.
  3222 | D:4      | Slain by a gnoll

Skill      XL: |  1  2  3  4  5  6 |
---------------+-------------------+-----
Dodging        | 3 4 5 |  5.3
Conjurations   | 2 3 4 |  4.3
Fire Magic     | 4 5 |  5.4
Stealth        | |  2.4
Spellcasting   | |  3.0

Action                   |  1- 3 |  4- 6 || total
-------------------------+-------+-------++-------
Melee: Unarmed           |     2 |       ||     2
       Dagger            |     4 |     7 ||    11
 Cast: Flame Tongue      |    87 |    32 ||   119
       Sticky Flame      |       |     3 ||     3
  Use: Scroll            |     5 |     2 ||     7
       Potion            |       |     1 ||     1
  Eat: Chunk             |     4 |     3 ||     7
Armor: Robe              |     5 |     3 ||     8
Dodge: Dodged            |    30 |    20 ||    50
